 Dungeon Crawl Stone Soup version 0.18.1-47-g9310371 (webtiles) character file.

8 rftp080 the Magician (level 2, 0/22 HPs)
             Began as a Ghoul Wizard on June 20, 2016.
             Slain by a hobgoblin (2 damage)
             ... on level 1 of the Dungeon.
             The game lasted 00:02:25 (455 turns).

rftp080 the Magician (Ghoul Wizard)                  Turns: 455, Time: 00:02:26

Health: 0/22       AC:  2    Str: 10    XL:     2   Next: 8%
Magic:  0/4        EV: 11    Int: 13    God:
Gold:   8          SH:  0    Dex:  7    Spells: 1 memorised, 5 levels left

rFire  . . .     SeeInvis .       - Unarmed
rCold  + . .     Gourm    .     a - +0 robe
rNeg   + + +     Faith    .     (no shield)
rPois  ∞         Spirit   .     b - +0 hat
rElec  .         Dismiss  .     (no cloak)
rCorr  .         Reflect  .     (no gloves)
SustAt .         Harm     .     (no boots)
MR     .....                    (no amulet)
Stlth  ++........               (no ring)
                                (no ring)

@: rotting, not resistant to hostile enchantments, unstealthy
A: rotting body, claws 1, carnivore 3, cold resistance 1, negative energy
resistance 3, slow regeneration 1, torment resistance, unbreathing
a: no special abilities


You were on level 1 of the Dungeon.
You were not hungry.

You visited 1 branch of the dungeon, and saw 1 of its levels.

You collected 8 gold pieces.

Inventory:

Missiles
 e - 43 stones (quivered)
 f - 2 javelins
Armour
 a - a +0 robe (worn)
 b - a +0 hat (worn)
Scrolls
 h - a scroll of fear {unknown}
Books
 c - a book of Minor Magic

   Spells                             Type                      Level
   a - Magic Dart                     Conjuration                  1
   b - Blink                          Translocation                2
   c - Call Imp                       Summoning                    2
   d - Repel Missiles                 Charms/Air                   2
   e - Slow                           Hexes                        2
   f - Conjure Flame                  Conjuration/Fire             3
   g - Mephitic Cloud                 Conjuration/Poison/Air       3


   Skills:
 + Level 0.9 Fighting
 - Level 1.7 Dodging
 - Level 2.1 Stealth
 * Level 1.3 Unarmed Combat
 - Level 2.6 Spellcasting
 - Level 0.7 Conjurations
   Level 0.8 Summonings
   Level 0.8 Translocations


You had 5 spell levels left.
You knew the following spells:

 Your Spells              Type           Power        Failure   Level  Hunger
a - Magic Dart            Conj           #...         21%         1    #......


Dungeon Overview and Level Annotations

Branches:
Dungeon (1/15)

Altars:


Innate Abilities, Weirdness & Mutations

Your body is rotting away.
You thrive on raw meat.
You are immune to poison.
You have sharp fingernails.
You are carnivorous and can eat meat at any time.
Your flesh is cold resistant.
You are immune to negative energy.
You regenerate slowly when monsters are visible.
You are immune to unholy pain and torment.
You can survive without breathing.


Message History

The jackal bites you.
* * * LOW HITPOINT WARNING * * *
The jackal barely misses you.
You continue eating.
The jackal barely misses you.
You finish eating.
That meat ration really hit the spot!
You scratch the jackal but do no damage.
The jackal is severely wounded.
The jackal misses you.
You scratch the jackal.
You kill the jackal!
You scratch the hobgoblin.
The hobgoblin is moderately wounded.
You scratch the hobgoblin.
The hobgoblin is heavily wounded.
The hobgoblin closely misses you.
You scratch the hobgoblin but do no damage.
The hobgoblin is heavily wounded.
The hobgoblin hits you.
You die...

######### #.......# #######
#.##'##.# ##.....## #.#...#.#
##.......## #.#.<.#.#
#.........# #.##+##.###
#.........#
#.....'.'.#######.........#
#######'#....)@g..........#####
#...#######.............# #####
##............# #.h...........#
#.............# #.........##.##
#.........##..# #########
#.........###.# #.......#
##.......## #.#


You could see a hobgoblin.

Vanquished Creatures
  A giant cockroach (D:1)
  A hobgoblin (D:1)
  3 jackals (D:1)
  2 rats (D:1)
7 creatures vanquished.

Notes
Turn   | Place    | Note
--------------------------------------------------------------
     0 | D:1      | rftp080 the Ghoul Wizard began the quest for the Orb.
     0 | D:1      | Reached XP level 1. HP: 14/14 MP: 3/3
   322 | D:1      | Reached skill level 1 in Unarmed Combat
   442 | D:1      | Reached XP level 2. HP: 8/22 MP: 1/4
   455 | D:1      | Slain by a hobgoblin

Skill      XL: |  1 |
---------------+----+-----
Unarmed Combat | 1 |  1.3
Fighting       | |  0.9
Dodging        | |  1.7
Stealth        | |  2.1
Spellcasting   | |  2.6
Conjurations   | |  0.7
Summonings     | |  0.8
Translocations | |  0.8

Action                   || total
-------------------------++-------
Melee: Unarmed           ||    24
Throw: Stone             ||     6
 Cast: Magic Dart        ||    12
  Eat: Chunk             ||     2
       Meat ration       ||     1
Armor: Robe              ||     6
Dodge: Dodged            ||    31
